 Dungeon Crawl Stone Soup version 0.27-a0-75-g9f9dfd16e9 (webtiles) character file.

Game seed: 1904643451564363577

4368 kae the Martial Artist (level 10, 0/79 HPs)
             Began as an Octopode Transmuter on Jan 12, 2021.
             Was an Initiate of Wu Jian.
             Slain by Gastronok (33 damage)
             ... on level 8 of the Dungeon.
             The game lasted 00:07:29 (11328 turns).

kae the Martial Artist (Octopode Transmuter)       Turns: 11328, Time: 00:07:29

Health: 0/79       AC:  6    Str: 12    XL:     10   Next: 34%
Magic:  16/18      EV: 13    Int: 15    God:    Wu Jian [......]
Gold:   447        SH:  0    Dex: 14    Spells: 12/20 levels left

rFire    x . .     SeeInvis .     - Unarmed
rCold    + + +     Faith    .   (shield currently unavailable)
rNeg     . . .     Spirit   .   (helmet currently unavailable)
rPois    +         Reflect  .   (no amulet)
rElec    .         Harm     .   (no ring)
rCorr    .         Rampage  .   (no ring)
Will     .....                  (no ring)
Stlth    +.........             (no ring)
HPRegen  0.23/turn              (no ring)
MPRegen  0.16/turn              (no ring)
                                (no ring)
                                (no ring)

@: ice-form
A: large, almost no armour, stealthy swim, amphibious, 8 rings, (constrict 8)
a: End Transformation, Renounce Religion


You were on level 8 of the Dungeon.
You worshipped Wu Jian.
Wu Jian was noncommittal.
You were a creature of crystalline ice.
You visited 2 branches of the dungeon, and saw 9 of its levels.

You collected 447 gold pieces.

Inventory:

Jewellery
 y - an uncursed amulet of the acrobat
Wands
 n - a wand of acid (5)
 s - a wand of enslavement (5)
 u - a wand of flame (11)
 v - a wand of disintegration (11)
 x - a wand of iceblast (10)
Scrolls
 d - 3 scrolls of enchant weapon
 i - 2 scrolls of enchant armour
 j - 6 scrolls of magic mapping
 m - 2 scrolls of remove curse
 p - a scroll of fear
 r - 5 scrolls of teleportation
Potions
 a - a potion of mutation
 b - a potion of attraction
 c - 3 potions of cancellation
 e - 2 potions of haste
 f - 2 potions of lignification
 g - a potion of berserk rage
 h - 2 potions of flight
 k - a potion of ambrosia
 l - 3 potions of brilliance {unknown}
 o - a potion of curing {unknown}
 q - a potion of magic {unknown}
 t - 2 potions of heal wounds {unknown}
 w - a potion of might {unknown}


   Skills:
 + Level 5.4 Fighting
 + Level 5.8 Dodging
 * Level 8.6 Unarmed Combat
 + Level 5.5 Spellcasting
 + Level 5.8 Transmutations
 - Level 4.0 Ice Magic
 - Level 4.0 Poison Magic


You had 12 spell levels left.
You knew the following spells:

 Your Spells              Type           Power        Failure   Level
a - Beastly Appendage     Tmut           42%          1%          1
b - Spider Form           Tmut/Pois      9%           6%          3
c - Ice Form              Ice/Tmut       18%          21%         4

Your spell library contained the following spells:

 Spells                   Type           Power        Failure   Level
 Sting                    Tmut/Pois      72%          1%          1
 Wereblood                Tmut           21%          2%          2
 Frozen Ramparts          Ice            32%          9%          3
 Ozocubu's Armour         Ice            16%          9%          3
 Mephitic Cloud           Conj/Pois/Air  8%           26%         3
 Blade Hands              Tmut           10%          36%         5
 Hailstorm                Conj/Ice       10%          56%         4
 Ozocubu's Refrigeration  Ice            8%           99%         6


Dungeon Overview and Level Annotations

Branches:
Dungeon (8/15)             Temple (1/1) D:7
   Lair: D:8-11

Altars:
Ashenzari
Cheibriados
Dithmenos
Elyvilon
Fedhas
Gozag
Hepliaklqana
Kikubaaqudgha
Makhleb
Nemelex Xobeh
Okawaru
Qazlal
Ru
Sif Muna
Trog
Uskayaw
Vehumet
Wu Jian
Xom
Yredelemnul
Zin
The Shining One

Shops:
D:5 }

Annotations:
D:3 Sigmund
D:7 2 transporters, Borgoz's ghost, novice HaGl
D:8 Gastronok


Innate Abilities, Weirdness & Mutations

You cannot wear most types of armour.
You are very stealthy in the water. (Stealth+)
You are amphibious.
You can wear up to eight rings at the same time.
((You can use your tentacles to constrict eight enemies at once.))
((Your skin changes colour to match your surroundings (Stealth+).))
((Your rubbery body absorbs attacks. (AC +1, EV +1)))


Message History

Gastronok is moderately wounded.
You hit Gastronok. You freeze Gastronok.
Gastronok is moderately wounded.
Gastronok's eyestalks quiver as he mumbles some strange words.
You punch Gastronok! You freeze Gastronok.
Gastronok is moderately wounded.
The bat hits you but does no damage.
You hit Gastronok. You freeze Gastronok.
Gastronok is heavily wounded.
The bat hits you. Gastronok bites you!
You hit Gastronok. You freeze Gastronok.
Gastronok is heavily wounded.
The bat barely misses you.
You pummel Gastronok!! You freeze Gastronok.
Gastronok is heavily wounded.
The bat misses you.
You hit Gastronok but do no damage.
Gastronok is heavily wounded.
The bat barely misses you. The bat closely misses you. Gastronok bites you!!
You die...

......# #.# .#
......# #.# .#
......# #.#
.###+#.
......#
#.#####.......
#######
#.#...#.......
#.#..b........
#.#.#F##......
#.# #w# ..F..
#.# #Y#####.#.
#.###b....(.#
#.##...######
#...........
####...#####
#[..# #...#
#...# #...#


You could see Gastronok, a bullfrog and 2 bats.

Vanquished Creatures
  Erica (D:8)
  A two-headed ogre (D:8)
  Joseph (D:8)
  A hornet (D:8)
  2 orc warriors
  An ice beast (D:6)
  A sky beast (D:6)
  A black bear (D:7)
  A phantom (D:4)
  2 ogres
  A big kobold (D:6)
  A gnoll sergeant (D:8)
  5 scorpions
  3 killer bees (D:8)
  5 wights (D:6)
  3 electric eels (D:6)
  4 howler monkeys
  A quasit (D:7)
  A centaur skeleton (D:4)
  5 hounds
  2 jellies
  2 orc priests
  An iguana (D:7)
  2 orc wizards (D:4)
  10 worker ants
  A killer bee zombie (D:8)
  A hound skeleton (D:6)
  2 howler monkey zombies
  A worker ant zombie (D:5)
  3 gnolls (D:8)
  5 adders
  2 shadow imps
  2 white imps (D:7)
  2 ufetubi
  2 oozes
  An adder skeleton (D:7)
  A worm (D:2)
  3 dart slugs
  9 orcs
  A ball python (D:4)
  8 giant cockroaches
  9 hobgoblins
  8 jackals
  3 quokkas
  11 bats
  5 frilled lizards
  11 goblins
  A jackal zombie (D:7)
  10 kobolds
  A leopard gecko skeleton (D:4)
  A leopard gecko zombie (D:7)
  A quokka skeleton (D:7)
  5 rats
168 creatures vanquished.

Notes
Turn   | Place    | Note
-------+----------+-------------------------------------------
     0 | D:1      | kae the Octopode Transmuter began the quest for the Orb.
     0 | D:1      | Reached XP level 1. HP: 13/13 MP: 3/3
   294 | D:1      | Reached XP level 2. HP: 10/18 MP: 3/5
  1538 | D:2      | Reached XP level 3. HP: 23/23 MP: 4/6
  1983 | D:2      | Found a bloodstained altar of Trog.
  2091 | D:2      | Found a blossoming altar of Fedhas.
  2098 | D:2      | Found a glowing silver altar of Zin.
  2249 | D:3      | Learned a level 3 spell: Spider Form
  2364 | D:3      | Reached XP level 4. HP: 28/28 MP: 7/7
  2369 | D:3      | Noticed Sigmund
  3077 | D:4      | Reached skill level 4 in Unarmed Combat
  3077 | D:4      | Reached XP level 5. HP: 22/34 MP: 1/8
  3238 | D:4      | HP: 1/34 [poisoned by a worker ant]
  3591 | D:4      | Reached XP level 6. HP: 32/40 MP: 6/10
  3869 | D:4      | Reached skill level 1 in Poison Magic
  4793 | D:4      | Noticed a phantom
  4817 | D:4      | Killed a phantom
  4818 | D:4      | Reached skill level 5 in Unarmed Combat
  4818 | D:4      | Reached XP level 7. HP: 36/45 MP: 8/11
  4910 | D:4      | Found an opulent altar of Gozag.
  4935 | D:5      | Entered Level 5 of the Dungeon
  5336 | D:5      | Identified the Grimoire of Snow and Toxins
  5373 | D:5      | Found a shadowy altar of Dithmenos.
  5534 | D:5      | Found Yrphuv's Gadget Emporium.
  6295 | D:6      | Learned a level 4 spell: Ice Form
  6466 | D:6      | Reached skill level 1 in Ice Magic
  6466 | D:6      | Reached XP level 8. HP: 35/52 MP: 13/13
  7148 | D:6      | Found a burning altar of Makhleb.
  7217 | D:6      | Reached skill level 6 in Unarmed Combat
  8607 | D:7      | Found a bloodstained altar of Trog.
  8616 | D:7      | Reached XP level 9. HP: 58/58 MP: 12/15
  9255 | D:7      | Found a basalt altar of Yredelemnul.
  9300 | D:7      | Found a transporter.
  9301 | D:7      | Noticed Borgoz's ghost (novice HaGl)
  9366 | D:7      | Found a transporter.
  9487 | D:7      | Reached skill level 7 in Unarmed Combat
  9581 | D:7      | Found a staircase to the Ecumenical Temple.
  9621 | Temple   | Entered the Ecumenical Temple
  9869 | Temple   | Became a worshipper of the Wu Jian Council
 10000 | D:8      | Noticed Joseph
 10000 | D:8      | Noticed Erica
 10007 | D:8      | Killed Erica
 10008 | D:8      | Reached skill level 5 in Dodging
 10008 | D:8      | Reached skill level 5 in Transmutations
 10014 | D:8      | Killed Joseph
 10015 | D:8      | Reached skill level 5 in Spellcasting
 10295 | D:8      | Found a snail-covered altar of Cheibriados.
 10372 | D:8      | Noticed a hornet
 10378 | D:8      | Killed a hornet
 10379 | D:8      | Reached skill level 5 in Fighting
 10379 | D:8      | Reached skill level 8 in Unarmed Combat
 10379 | D:8      | Reached XP level 10. HP: 55/66 MP: 12/17
 10689 | D:8      | Noticed a two-headed ogre
 10699 | D:8      | Killed a two-headed ogre
 11311 | D:8      | Noticed Gastronok
 11328 | D:8      | Slain by Gastronok

Illustrated notes

Levels and vault maps discovered:
D:1:      lemuel_arrival_funnel, layout_basic, minmay_misc_feat_doors
D:2:      layout_rooms, bloody_trog, amethyst_overflow_temple_binary
D:3:      layout_basic, minmay_crystal_water, uniq_sigmund
D:4:      layout_basic, lemuel_coloured_pillars_altar
D:5:      layout_cave_pools, grunt_dithmenos_smoke, serial_shops, shop
D:6:      layout_basic, nicolae_overflow_hidden_temple, minivault_14,
          palyth_stone_intersect, kennysheep_big_empty_room
D:7:      layout_rooms, minmay_temple_entry_poolview, gammafunk_ghost_mausoleum,
          basic_altar, trog_butcher_becter
D:8:      layout_basic, cheibriados_altar_1, uniq_joseph, uniq_gastronok,
          uniq_erica
Temple:   minmay_temple_curvy_branch

Skill      XL: |  1  2  3  4  5  6  7  8  9 |
---------------+----------------------------+-----
Fighting       | 2 3 4 5 |  5.4
Unarmed Combat | 4 5 6 8 |  8.6
Dodging        | 3 4 5 |  5.8
Transmutations | 3 4 5 |  5.8
Spellcasting   | 3 4 5 |  5.5
Poison Magic   | 2 3 4 |  4.0
Ice Magic      | 1 3 4 |  4.0

Action                   |  1- 3 |  4- 6 |  7- 9 | 10-12 || total
-------------------------+-------+-------+-------+-------++-------
Melee: Unarmed           |    89 |   108 |   248 |    53 ||   498
       Constrict         |    27 |    19 |    20 |       ||    66
       Kick              |    20 |    16 |    11 |       ||    47
       Tentacles         |    11 |    18 |    17 |       ||    46
       Punch             |       |     3 |     6 |       ||     9
 Cast: Beastly Appendage |    28 |    15 |     7 |       ||    50
       Spider Form       |       |     4 |    25 |       ||    29
       Ice Form          |       |       |     5 |     6 ||    11
Invok: Lunge             |       |       |     1 |     2 ||     3
 Abil: End Transformatio |       |       |     2 |       ||     2
Evoke: Wand              |       |       |     3 |       ||     3
  Use: Scroll            |     7 |     3 |    10 |       ||    20
 Stab: Sleeping          |     7 |     4 |     4 |       ||    15
       Distracted        |       |     1 |       |       ||     1
Armor: Skin              |     9 |     8 |    17 |     6 ||    40
Dodge: Dodged            |    54 |    74 |   201 |    23 ||   352

Table legend: (Time is in decaauts)
 A = Elapsed time spent in this place.
 B = Non-inter-level travel time spent in this place.
 C = Inter-level travel time spent in this place.
 D = Time resting spent in this place.
 E = Time spent auto-exploring this place.
 F = Levels seen in this place.
 G = Mean time per level.
                   A        B        C        D        E       F      G
               +--------+--------+--------+--------+--------+-----+--------+
         Total |  11281 |  10913 |    368 |   2310 |   7146 |   9 | 1253.4 |
       Dungeon |  11007 |  10688 |    319 |   2310 |   6923 |   8 | 1375.9 |
        Temple |    273 |    225 |     48 |      0 |    223 |   1 |  273.0 |
               +--------+--------+--------+--------+--------+-----+--------+

Top non-repeatable levels by time:
     D:6: 2492 daAuts
     D:4: 1701 daAuts
     D:8: 1329 daAuts
     D:1: 1296 daAuts
     D:7: 1149 daAuts
     D:5: 1115 daAuts
     D:3: 1013 daAuts
     D:2: 909 daAuts
  Temple: 273 daAuts
